 Dungeon Crawl Stone Soup version 0.24-a0-496-gbe733cd003 (webtiles) character file.

Game seed: 5536724131400802548

39 Gynju the Cudgeler (level 3, 0/31 HPs)
             Began as a Minotaur Fighter on July 13, 2019.
             Succumbed to a goblin's poison
             ... on level 2 of the Dungeon.
             The game lasted 00:01:34 (1109 turns).

Gynju the Cudgeler (Minotaur Fighter)               Turns: 1109, Time: 00:01:34

Health: 0/31       AC:  6    Str: 21    XL:     3   Next: 26%
Magic:  2/2        EV:  7    Int:  5    God:
Gold:   66         SH:  9    Dex:  9    Spells: 2/2 levels left

rFire    . . .     SeeInvis .   a - +0 flail
rCold    . . .     Gourm    .   c - +0 shield
rNeg     . . .     Faith    .   b - +0 scale mail
rPois    .         Spirit   .   (helmet restricted)
rElec    .         Reflect  .   (no cloak)
rCorr    .         Harm     .   (no gloves)
MR       .....                  (no boots)
Stlth    ..........             (no amulet)
HPRegen  0.10/turn              (no ring)
MPRegen  0.08/turn              (no ring)

@: lethally poisoned (0 -> -19)
A: retaliatory headbutt, horns 2
a: no special abilities


You were on level 2 of the Dungeon.
You were not hungry.

You visited 1 branch of the dungeon, and saw 2 of its levels.

You collected 66 gold pieces.

Inventory:

Hand Weapons
 a - a +0 flail (weapon)
Armour
 b - a +0 scale mail (worn)
 c - a +0 shield (worn)
Scrolls
 e - a scroll of fear {unknown}
 g - a scroll of enchant armour {unknown}
 h - a scroll of teleportation {unknown}
 k - a scroll of immolation {unknown}
Potions
 d - a potion of might
 j - a potion of flight {unknown}
Comestibles
 f - 3 rations
 i - a chunk of flesh


   Skills:
 - Level 3.6 Fighting
 + Level 4.5 Maces & Flails
 - Level 3.6 Armour
 - Level 3.6 Shields


You had 2 spell levels left.
You didn't know any spells.
Your spell library was empty.

Dungeon Overview and Level Annotations

Branches:
Dungeon (2/15)

Altars:
Hepliaklqana

Annotations:
D:2 Robin


Innate Abilities, Weirdness & Mutations

You reflexively headbutt those who attack you in melee.
You have a pair of horns on your head.


Message History

You kill the goblin!
You feel sick.
Robin roars a battlecry!
The goblins go into a battle-frenzy!
You block the goblin's attack. The hobgoblin hits you with a +0 club.
* * * LOW HITPOINT WARNING * * *
You thump the hobgoblin!
You kill the hobgoblin!
Robin throws the goblin at you! The goblin hits you but does no damage.
You are lethally poisoned!
The goblin barely misses you.
You hit the goblin but do no damage. You headbutt the goblin.
The goblin is heavily wounded.
* * * LOW HITPOINT WARNING * * *
You feel sick. The goblin hits you but does no damage.
You are more poisoned.
You block the goblin's attack. You block Robin's attack.
You hit the goblin.
You kill the goblin!
You die...

.. ##. # #. #.#. #.
#.#.## #.
####....######.# ##
#.......!....#.#
.......g...#.#.#
#)##.#>#.# #@##.#.#.# ##
#g##.#.#.#.######.
#.##.#.#.#........
###.##.#.#.#######[.
#.............# #..
......#.##.#...##.# #..
#..####.##.....##.####..
#...........##.##.......
#.#####.###.##.#######..


You could see Robin and a goblin.

Vanquished Creatures
  3 giant cockroaches (D:1)
  10 goblins
  4 hobgoblins
  6 bats
  A frilled lizard (D:1)
  6 kobolds (D:1)
  7 rats
37 creatures vanquished.

Notes
Turn   | Place    | Note
-------+----------+-------------------------------------------
     0 | D:1      | Gynju the Minotaur Fighter began the quest for the Orb.
     0 | D:1      | Reached XP level 1. HP: 19/19 MP: 0/0
   323 | D:1      | Reached skill level 3 in Maces & Flails
   408 | D:1      | Reached XP level 2. HP: 26/26 MP: 1/1
   834 | D:1      | Reached skill level 4 in Maces & Flails
  1037 | D:2      | Found a hazy altar of Hepliaklqana.
  1089 | D:2      | Noticed Robin
  1092 | D:2      | Reached XP level 3. HP: 31/31 MP: 2/2
  1109 | D:2      | Succumbed to a goblin's poison

Levels and vault maps discovered:
D:1:      lightli_arrival_noodles, layout_basic
D:2:      layout_loops_ring, lemuel_doored_altar, uniq_robin

Skill      XL: |  1  2 |
---------------+-------+-----
Maces & Flails | 3 4 |  4.5
Fighting       | |  3.6
Armour         | |  3.6
Shields        | |  3.6

Action                   || total
-------------------------++-------
Melee: Flail             ||    83
       Headbutt          ||     8
  Eat: Chunk             ||     1
Armor: Scale mail        ||    37
Dodge: Dodged            ||    26
Block: Shield            ||    51

Table legend:
 A = Non-vault XP
 B = Vault XP
 C = Vault XP percentage of total XP
 D = Non-vault monster count
 E = Vault monster count
 F = Vault count percentage of total count
                 A         B        C        D         E       F
            +---------+---------+-------+---------+---------+-------
      Total |      37 |      19 |  33.9 |      27 |      10 |  27.0
            +---------+---------+-------+---------+---------+-------
        D:1 |      31 |       0 |   0.0 |      22 |       0 |   0.0
        D:2 |       6 |      19 |  76.0 |       5 |      10 |  66.7
            +---------+---------+-------+---------+---------+-------
